 Dungeon Crawl Stone Soup version 0.25.1-2-g60ff931df9 (webtiles) character file.

Game seed: 10008396947336606842

114 Destapler the Ruffian (level 4, -1/67 HPs)
             Began as a Troll Berserker on Aug 12, 2020.
             Was a Believer of Trog.
             Slain by an ogre
             ... wielding a +0 giant spiked club
              (27 damage)
             ... on level 2 of the Dungeon.
             The game lasted 00:04:37 (1047 turns).

Destapler the Ruffian (Troll Berserker)             Turns: 1047, Time: 00:04:38

Health: -1/67      AC:  6    Str: 26    XL:     4   Next: 66%
Magic:  3/3        EV: 10    Int:  3    God:    Trog [**....]
Gold:   90         SH:  0    Dex:  9    Spells: 3/3 levels left

rFire    . . .     SeeInvis .   e - +1 whip (elec)
rCold    . . .     Gourm    +   (no shield)
rNeg     . . .     Faith    .   a - +0 animal skin
rPois    .         Spirit   .   (helmet restricted)
rElec    .         Reflect  .   (no cloak)
rCorr    .         Harm     .   (gloves unavailable)
MR       .....                  (boots unavailable)
Stlth    ..........             (no amulet)
HPRegen  0.61/turn              (no ring)
MPRegen  0.08/turn              (no ring)

@: berserking, lethally poisoned (-1 -> -1), very quick
A: large, unfitting armour, claws 3, fast metabolism 3, gourmand, regeneration
1, shaggy fur 1, tough skin 3
a: Berserk, Trog's Hand, Renounce Religion


You were on level 2 of the Dungeon.
You worshipped Trog.
Trog was pleased with you.
You were very full.

You visited 1 branch of the dungeon, and saw 2 of its levels.

You collected 90 gold pieces.

Inventory:

Hand Weapons
 e - a +1 whip of electrocution (weapon)
Missiles
 k - 11 poisoned darts (quivered)
Armour
 a - a +0 animal skin (worn)
 h - a +0 kite shield
Scrolls
 c - 3 scrolls of identify {unknown}
 d - 3 scrolls of remove curse {unknown}
 i - a scroll of blinking {unknown}
Potions
 g - a potion of might {unknown}
 j - a potion of flight {unknown}
 l - a potion of cancellation {unknown}
 m - a potion of mutation {unknown}
Comestibles
 b - 6 rations
 f - 6 chunks of flesh


   Skills:
 - Level 3.2 Fighting
 * Level 1.9 Maces & Flails
 - Level 2.4 Dodging
 + Level 0.7 Shields
 - Level 3.8 Unarmed Combat


You had 3 spell levels left.
You didn't know any spells.
Your spell library was empty.

Dungeon Overview and Level Annotations

Branches:
Dungeon (2/15)

Altars:


Innate Abilities, Weirdness & Mutations

You are too large for most types of armour.
You have claws for hands.
Your metabolism is lightning-fast.
You like to eat raw meat.
Your natural rate of healing is unusually fast.
You are covered in fur. (AC +1)
You have extremely tough skin. (AC +3)


Message History

The poisoned dart hits the hobgoblin.
The adder barely misses you. The adder bites you but does no damage.
The ogre hits you with a +0 giant spiked club!!
Ouch! That really hurt!
* * * LOW HITPOINT WARNING * * *
A red film seems to cover your vision as you go berserk!
You feel yourself moving faster!
You feel mighty! The adder barely misses you. x2
The ogre misses you. The adder bites you.
* * * LOW HITPOINT WARNING * * *
You closely miss the ogre.
The ogre is lightly wounded.
The adder completely misses you. The adder bites you.
* * * LOW HITPOINT WARNING * * *
You are poisoned.
The adder poisons you!
You closely miss the ogre.
The ogre is lightly wounded.
You feel sick.
The ogre hits you with a +0 giant spiked club!!
You die...

..###.###.............##.# #.
#.................<......### #.
#..#####.#........##.##.....###.
##.# #........###... # #.##..##.
.#.####(..##...##########..##..#.
............O...).....(......#...
.............##g.########........
............(..SOS...............
..........[..###@..######.....#..
...÷.........# ###....÷.........#
.............# ##.....###......##
.(...........###.......##.....##
..>...##...#..........[#....###
.....###########.......#.####
.....# ##........# ######
##.....#### #.......#


You could see an ogre, 2 adders and a hobgoblin.

Vanquished Creatures
  A crimson imp (D:2)
  2 adders (D:2)
  An ooze (D:1)
  A worm (D:2)
  2 dart slugs (D:1)
  2 leopard geckos
  9 bats
  3 giant cockroaches
  6 goblins
  8 hobgoblins (D:1)
  3 jackals (D:2)
  2 frilled lizards
  4 kobolds
  3 rats (D:1)
47 creatures vanquished.

Notes
Turn   | Place    | Note
-------+----------+-------------------------------------------
     0 | D:1      | Destapler the Troll Berserker began the quest for the Orb.
     0 | D:1      | Reached XP level 1. HP: 22/22 MP: 0/0
   156 | D:1      | Reached XP level 2. HP: 22/29 MP: 1/1
   199 | D:1      | You fall into a shaft and drop 1 floor!
   199 | D:2      | Noticed a crimson imp
   204 | D:2      | Killed a crimson imp
   204 | D:2      | Reached XP level 3. HP: 37/37 MP: 2/2
   450 | D:1      | Reached ** piety under Trog
   460 | D:1      | Reached skill level 1 in Maces & Flails
   460 | D:1      | Reached XP level 4. HP: 45/45 MP: 3/3
  1021 | D:2      | Noticed an ogre
  1047 | D:2      | Slain by an ogre

Illustrated notes

Levels and vault maps discovered:
D:1:      giann_wishing_wells, layout_basic
D:2:      layout_rooms, minmay_misc_feat_hallway, kennysheep_generic_room_7

Skill      XL: |  1  2  3 |
---------------+----------+-----
Fighting       | 3 |  3.2
Maces & Flails | 1 |  1.9
Dodging        | |  2.4
Shields        | |  0.7
Unarmed Combat | |  3.8

Action                   |  1- 3 |  4- 6 || total
-------------------------+-------+-------++-------
Melee: Unarmed           |    39 |       ||    39
       Punch             |     1 |       ||     1
       Whip              |    51 |    64 ||   115
Throw: Dart              |       |     3 ||     3
Invok: Berserk           |       |     1 ||     1
  Eat: Chunk             |    10 |     5 ||    15
Armor: Animal skin       |    54 |    21 ||    75
Dodge: Dodged            |    64 |    51 ||   115
